 Dungeon Crawl Stone Soup version 0.29.0-4-gdea44cf6ec (webtiles) character file.

Game seed: 13103462961378035486

69 qw the Chopper (level 4, -25/26 HPs)
             Began as a Tengu Warper on Aug 28, 2022.
             Annihilated by an ogre
             ... wielding a +0 giant club
              (29 damage)
             ... on level 4 of the Dungeon.
             The game lasted 00:00:17 (3068 turns).

qw the Chopper (Tengu Warper)                       Turns: 3068, Time: 00:00:17

Health: -25/26     AC:  4    Str: 13    XL:     4   Next: 20%
Magic:  8/8        EV: 12    Int: 13    God:
Gold:   61         SH:  5    Dex: 14    Spells: 7/7 levels left

rFire   . . .      SeeInvis .   Y - +0 hand axe
rCold   + . .      Faith    .   (no shield)
rNeg    . . .      Spirit   .   b - +0 leather armour
rPois   .          Reflect  +   (helmet restricted)
rElec   .          Harm     .   e - +0 cloak
rCorr   .          Rampage  .   (no gloves)
Will    .....                   (boots unavailable)
Stlth   +.........              k - amulet of reflection
HPRegen 0.08/turn               i - ring of protection from cold
MPRegen 0.11/turn               (no ring)

@: flying
A: beak, talons 3
a: no special abilities


You were on level 4 of the Dungeon.
You visited 1 branch of the dungeon, and saw 4 of its levels.

You collected 61 gold pieces.


Innate Abilities, Weirdness & Mutations

You have a beak for a mouth.
You have claws for feet.


   Skills:
 - Level 2.0 Fighting
 + Level 4.8 Axes
 - Level 1.0 Throwing
 - Level 1.1 Armour
 - Level 2.1 Dodging
 - Level 2.0 Spellcasting
 - Level 2.4 Translocations


You had 7 spell levels left.
You didn't know any spells.
Your spell library contained the following spells:

 Spells                   Type           Power      Damage    Failure   Level
 Blink                    Tloc           14%        N/A       19%         2
 Gell's Gravitas          Tloc           7%         N/A       36%         3
 Lesser Beckoning         Tloc           7%         N/A       36%         3
 Teleport Other           Tloc           7%         N/A       36%         3
 Manifold Assault         Tloc           7%         N/A       98%         5

Inventory:

Hand Weapons
 h - a +0 whip
 Y - a +0 hand axe (weapon)
Armour
 b - a +0 leather armour (worn)
 e - a +0 cloak (worn)
Jewellery
 i - a ring of protection from cold (left hand)
 k - an amulet of reflection (around neck)
Scrolls
 c - a scroll of identify
Potions
 j - a potion of lignification {unknown}

Dungeon Overview and Level Annotations

Branches:
Dungeon (4/15)
 Temple: D:4-7

Altars:
Makhleb
Uskayaw

Shops:
D:3 =


Message History

There is a stone staircase leading down here.
You fly downwards.
You hear the hiss of flowing sand.
There is an entrance to an ossuary on this level.
Hurry and find it before the portal is buried!
The ogre shouts!
The jackal barks! x2
Found an inky potion.
There is a stone staircase leading up here.
There are monsters nearby!
Existing waypoints: (1) D:2 (2) D:3 Assign waypoint to what number? (0-9, D - delete waypoint) Waypoint 1 re-assigned from D:2 to D:4.
3063 ||| PLANNING OSSUARY;
3063 ||| STAIRDANCE The jackal barely misses you.
You fly upwards.
There is a stone staircase leading down here.
You hit the jackal. You claw the jackal.
You kill the jackal!
Done exploring.
(D) Dungeon
Where to? (* - list waypoints, Enter - D:4, ? - help)
What level of the Dungeon? (default 1, ? - help)
You fly downwards.
You hear the hiss of flowing sand.
There is an entrance to an ossuary on this level.
Hurry and find it before the portal is buried!
The jackal barely misses you.
The jackal bites you but does no damage.
The jackal misses you. The ogre barely misses you.
The ogre hits you with a +0 giant club!!
Ouch! That really hurt!
The jackal misses you.
There is a stone staircase leading up, spattered with blood here.
You hit the ogre. You claw the ogre.
The ogre is moderately wounded.
You barely miss the jackal. You closely miss the jackal.
You hit the ogre but do no damage. The jackal bites you. The jackal misses you.
The ogre hits you with a +0 giant club!!
Ouch! That really hurt!
You die...

#. #.####
#....##
#.....#
#.....#
.....#
#.O..#
#@h..#
+..Oh.......
#.##.!..####
# ##.#.#
...# .### .#
.#


You could see 2 ogres and 2 jackals.

Vanquished Creatures
  An adder (D:3)
  A worm (D:3)
  3 dart slugs
  3 ball pythons
  9 bats
  5 endoplasms
  3 giant cockroaches
  8 goblins
  A hobgoblin (D:1)
  A jackal (D:3)
  4 frilled lizards
  6 kobolds
  6 rats
51 creatures vanquished.

Notes
Turn   | Place    | Note
-------+----------+-------------------------------------------
     0 | D:1      | qw the Tengu Warper began the quest for the Orb.
     0 | D:1      | Reached XP level 1. HP: 12/12 MP: 4/4
     0 | D:1      | 0 ||| qw: Version: 0.1-a-89-g26bdef1
     0 | D:1      | 0 ||| qw: Game counter: 723
     0 | D:1      | 0 ||| qw: Always use a shield: true
     0 | D:1      | 0 ||| qw: God list: Okawaru
     0 | D:1      | 0 ||| qw: Allow faded altars: false
     0 | D:1      | 0 ||| qw: Do Orc after D:15 true
     0 | D:1      | 0 ||| qw: Do second Lair branch before Depths: true
     0 | D:1      | 0 ||| qw: Lair rune preference: random
     0 | D:1      | 0 ||| qw: Plans: Normal
     0 | D:1      | 0 ||| PLANNING D:1-11
   247 | D:1      | Reached skill level 3 in Axes
   247 | D:1      | Reached XP level 2. HP: 17/17 MP: 6/6
   733 | D:1      | 733 ||| Stepping ~*~*~tactically~*~*~ (stealth).
   736 | D:1      | 736 ||| Stepping ~*~*~tactically~*~*~ (stealth).
   849 | D:1      | Reached XP level 3. HP: 21/21 MP: 7/7
  1140 | D:1      | 1140 ||| Stepping ~*~*~tactically~*~*~ (stealth).
  1363 | D:1      | 1363 ||| UPGRADING to ring of protection from cold.
  1364 | D:1      | 1364 ||| READING scroll labelled EGURGH SASIOW.
  1365 | D:1      | 1365 ||| READING scroll labelled BORI NORCHILO.
  1366 | D:1      | 1366 ||| READING scroll labelled KOVEONG GOGHIAG.
  1367 | D:1      | 1367 ||| DROPPING scroll of blinking.
  1437 | D:2      | Reached skill level 4 in Axes
  1571 | D:2      | 1571 ||| Stepping ~*~*~tactically~*~*~ (stealth).
  1590 | D:2      | 1590 ||| Stepping ~*~*~tactically~*~*~ (stealth).
  1777 | D:2      | 1777 ||| Stepping ~*~*~tactically~*~*~ (stealth).
  2063 | D:2      | 2063 ||| UPGRADING to +0 cloak.
  2068 | D:2      | 2068 ||| DROPPING ring of magical power.
  2069 | D:2      | 2069 ||| READING scroll labelled GETASCH AKKOZE.
  2102 | D:3      | 2102 ||| Stepping ~*~*~tactically~*~*~ (stealth).
  2105 | D:3      | 2105 ||| Stepping ~*~*~tactically~*~*~ (stealth).
  2107 | D:3      | 2107 ||| Stepping ~*~*~tactically~*~*~ (stealth).
  2198 | D:3      | Reached XP level 4. HP: 16/26 MP: 8/8
  2382 | D:3      | Noticed a +0 dagger
  2384 | D:3      | Noticed a +0 falchion
  2384 | D:3      | Noticed a +0 short sword
  2385 | D:3      | Noticed a +0 falchion
  2385 | D:3      | Noticed a +0 dagger
  2385 | D:3      | Noticed a +0 spear
  2386 | D:3      | Noticed a +0 short sword
  2386 | D:3      | Noticed a +0 spear
  2403 | D:3      | Found Lionyath's Jewellery Shop.
  2412 | D:3      | 2412 ||| SHOPLISTING +4 ring of evasion (432 gold, have
                  | 48).
  2412 | D:3      | 2412 ||| SHOPLISTING +4 ring of protection (432 gold, have
                  | 48).
  2412 | D:3      | 2412 ||| SHOPLISTING +6 ring of dexterity (432 gold, have
                  | 48).
  2412 | D:3      | 2412 ||| SHOPLISTING amulet of regeneration (360 gold, have
                  | 48).
  2412 | D:3      | 2412 ||| SHOPLISTING ring of fire (300 gold, have 48).
  2412 | D:3      | 2412 ||| SHOPLISTING ring of poison resistance (240 gold,
                  | have 48).
  2412 | D:3      | 2412 ||| SHOPLISTING ring of positive energy (240 gold,
                  | have 48).
  2414 | D:3      | Found a faded altar of an unknown god.
  2429 | D:3      | Found a burning altar of Makhleb.
  2577 | D:3      | Found a hide-covered altar of Uskayaw.
  3026 | D:3      | 3026 ||| UPGRADING to amulet of reflection.
  3031 | D:3      | 3031 ||| READING scroll labelled PUACVE KYBBAST.
  3035 | D:3      | 3035 ||| READING scroll labelled FAUDDYOTEH.
  3036 | D:3      | 3036 ||| READING scroll labelled ZURRUU BOABB.
  3037 | D:3      | 3037 ||| READING scroll labelled RAMUNE FEAFEOH.
  3038 | D:3      | 3038 ||| DRINKING 2 viscous blue potions.
  3039 | D:3      | 3039 ||| READING 2 scrolls of identify.
  3039 | D:3      | 3039 ||| IDENTIFYING murky red potion
  3040 | D:3      | 3040 ||| DROPPING potion of flight.
  3041 | D:3      | 3041 ||| DROPPING potion of attraction.
  3062 | D:4      | Noticed an ogre
  3062 | D:4      | Noticed an ogre
  3063 | D:4      | 3063 ||| PLANNING OSSUARY
  3063 | D:4      | 3063 ||| STAIRDANCE
  3067 | D:4      | HP: 5/26 [ogre/+0 giant club (21)]
  3068 | D:4      | Annihilated by an ogre

Levels and vault maps discovered:
D:1:      dpeg_arrival_rooms_c, layout_loops_corners, solitary_fountain
D:2:      layout_basic
D:3:      layout_basic, mainiacjoe_overflow_concentric_impassable,
          nicolae_uskayaw_en_pointe, serial_shops, nicolae_shop_waterfront,
          chequers_ecumenical_altar_simple
D:4:      layout_loops_corners, minmay_temple_entry_offerings,
          nicolae_ossuary_entry_plus, serial_shops, kennysheep_little_box,
          minmay_three_crescents, uniq_pikel

Skill      XL: |  1  2  3 |
---------------+----------+-----
Axes           | 3 4 |  4.8
Fighting       | |  2.0
Throwing       | |  1.0
Armour         | |  1.1
Dodging        | |  2.1
Spellcasting   | |  2.0
Translocations | |  2.4

Action                   |  1- 3 |  4- 6 || total
-------------------------+-------+-------++-------
Melee: Hand axe          |    99 |    15 ||   114
       Kick              |    22 |     6 ||    28
       Peck              |    15 |     1 ||    16
       Punch             |     1 |       ||     1
Throw: Boomerang         |     7 |       ||     7
  Use: Scroll            |     4 |     5 ||     9
       Potion            |       |     1 ||     1
Armor: Leather armour    |    28 |     2 ||    30
Dodge: Dodged            |    47 |     8 ||    55

Table legend:
 A = Non-vault XP
 B = Vault XP
 C = Vault XP percentage of total XP
 D = Non-vault monster count
 E = Vault monster count
 F = Vault count percentage of total count
                 A         B        C        D         E       F
            +---------+---------+-------+---------+---------+-------
      Total |      99 |       0 |   0.0 |      51 |       0 |   0.0
            +---------+---------+-------+---------+---------+-------
        D:1 |      44 |       0 |   0.0 |      26 |       0 |   0.0
        D:2 |      25 |       0 |   0.0 |      17 |       0 |   0.0
        D:3 |      30 |       0 |   0.0 |       8 |       0 |   0.0
            +---------+---------+-------+---------+---------+-------
